 Dungeon Crawl Stone Soup version 0.30.1-3-gfc49f6343a (webtiles) character file.

Game seed: 6842346538408144347

281 croobank the Trooper (level 6, -5/44 HPs)
             Began as an Octopode Monk on July 20, 2023.
             Slain by a gnoll
             ... wielding a +2 spear of freezing
              (6 damage)
             ... on level 3 of the Dungeon.
             The game lasted 00:06:54 (2145 turns).

croobank the Trooper (Octopode Monk)                Turns: 2145, Time: 00:06:55

Health: -5/44      AC:  1    Str: 11    XL:     6   Next: 27%
Magic:  6/6        EV: 14    Int: 14    God:
Gold:   216        SH:  0    Dex: 14    Spells: 5/5 levels left

rFire   + . .        d - +2 spear (venom)
rCold   . . .        (no shield)
rNeg    . . .        (helmet restricted)
rPois   .            (no amulet)
rElec   .            k - ring of protection from fire
rCorr   .            (no ring)
SInv    .            (no ring)
Will    .....        (no ring)
Stlth   ++           (no ring)
HPRegen 0.27/turn    (no ring)
MPRegen 0.10/turn    (no ring)
                     (no ring)

%: no passive effects
@: confused, lethally poisoned (-5 -> -9), ambrosia-drunk
A: almost no armour, amphibious, 8 rings, camouflage 1, gelatinous body 1,
(nimble swimmer 1), tentacles
a: no special abilities


You were on level 3 of the Dungeon.
You visited 1 branch of the dungeon, and saw 3 of its levels.

You collected 216 gold pieces.

Inventory:

Hand Weapons
 a - a +0 short sword
 d - a +2 spear of venom (weapon)
 f - a +2 scythe of venom
 h - a +0 dagger of freezing
 s - a +5 club
Missiles
 q - 21 poisoned darts (quivered)
Armour
 c - an orb of light
Jewellery
 k - a ring of protection from fire (left tentacle)
Scrolls
 e - 3 scrolls of blinking
 i - a scroll of fog
 j - 2 scrolls of teleportation
 p - a scroll of enchant weapon {unknown}
 t - 3 scrolls of identify
Potions
 g - a potion of resistance
 l - 2 potions of brilliance {unknown}
 m - a potion of might
 n - 2 potions of mutation {unknown}
 o - a potion of degeneration {unknown}
 r - a potion of curing {unknown}


   Skills:
 + Level 4.6 Fighting
 + Level 4.6 Short Blades
 + Level 4.5 Dodging


You had 5 spell levels left.
You didn't know any spells.
Your spell library contained the following spells:

 Spells                   Type           Power      Damage    Failure   Level
 Magic Dart               Conj           0%         1d3       28%         1
 Call Imp                 Summ           0%         N/A       41%         2
 Sublimation of Blood     Necr           0%         N/A       41%         2
 Wereblood                Tmut           0%         N/A       41%         2
 Call Canine Familiar     Summ           0%         N/A       65%         3
 Dazzling Flash           Conj/Hex       0%         N/A       65%         3
 Mephitic Cloud           Conj/Pois/Air  0%         N/A       65%         3
 Portal Projectile        Hex/Tloc       0%         N/A       65%         3
 Leda's Liquefaction      Hex/Erth       0%         N/A       96%         4
 Agony                    Necr           0%         N/A       100%        5
 Silence                  Hex/Air        0%         N/A       100%        5
 Summon Hydra             Summ           0%         N/A       100%        7


Dungeon Overview and Level Annotations

Branches:
Dungeon (3/15)

Altars:


Innate Abilities, Weirdness & Mutations

You cannot wear most types of armour.
You are amphibious.
You can wear up to eight rings at the same time.
Your skin changes colour to match your surroundings (Stealth+).
Your rubbery body absorbs attacks. (AC +1, EV +1)
((You are camouflaged when in or above water. (Stealth+)))
You have tentacles for arms and can constrict up to eight enemies at once.


Message History

You are held in a net!
You are held in a net!
You are held in a net!
You are held in a net!
You struggle against the net.
You struggle against the net.
The gnoll shouts!
The adder bites you.
You are poisoned.
The adder poisons you!
The gnoll hits you from afar with a +2 spear of freezing!
The gnoll freezes you. The gnoll closely misses you.
You struggle against the net.
You feel sick. The adder bites you.
You are more poisoned.
The adder poisons you!
The gnoll hits you from afar with a +2 spear of freezing.
The gnoll freezes you. The gnoll closely misses you.
The adder barely misses you.
You tear a large gash into the net.
You feel sick. The gnoll completely misses you.
The gnoll hits you from afar with a +0 halberd.
The adder completely misses you.
You rip the net and break free!
You feel sick.
The goblin shouts!
You hear a shout!
The adder bites you.
* * * LOW HITPOINT WARNING * * *
The gnoll hits you from afar with a +2 spear of freezing.
* * * LOW HITPOINT WARNING * * *
The gnoll freezes you.
* * * LOW HITPOINT WARNING * * *
The gnoll completely misses you.
You are confused.
You feel invigorated.
* * * LOW HITPOINT WARNING * * *
You feel sick. The adder bites you but does no damage.
The gnoll hits you with a +0 flail.
* * * LOW HITPOINT WARNING * * *
An orc comes into view. It is wielding a +0 club.
The gnoll hits you from afar with a +2 spear of freezing.
You die...

# .## ############# ...
o.........># .....#
####........$# .....#
..g....^.g...# .....#
#...g.g...# .....#
#...@S....# .....#
###.#####.# .....#
#######.#####. .....##
#.............#
..........###...#####.#
...##########........
................#####
##........##....#
#####.....##....#


You could see 3 gnolls, an adder, an orc and a goblin.

Vanquished Creatures
  Sigmund (D:2)
  Jessica (D:2)
  Robin (D:3)
  2 adders (D:2)
  2 dart slugs
  8 endoplasms
  3 giant cockroaches (D:1)
  12 goblins
  4 hobgoblins
  2 jackals (D:1)
  2 quokkas (D:1)
  5 ball pythons
  5 bats
  9 kobolds
  7 rats
64 creatures vanquished.

Notes
Turn   | Place    | Note
-------+----------+-------------------------------------------
     0 | D:1      | croobank the Octopode Monk began the quest for the Orb.
     0 | D:1      | Reached XP level 1. HP: 16/16 MP: 1/1
   163 | D:1      | Reached XP level 2. HP: 17/21 MP: 2/2
   366 | D:1      | Reached XP level 3. HP: 25/26 MP: 3/3
  1075 | D:2      | Noticed Sigmund
  1085 | D:2      | Killed Sigmund
  1086 | D:2      | Reached XP level 4. HP: 34/34 MP: 4/4
  1086 | D:2      | Reached XP level 5. HP: 38/38 MP: 5/5
  1278 | D:2      | Noticed Jessica
  1282 | D:2      | Killed Jessica
  1283 | D:2      | Reached XP level 6. HP: 44/44 MP: 6/6
  1521 | D:3      | Noticed Robin
  1705 | D:3      | Killed Robin
  2144 | D:3      | HP: 2/44 [gnoll/+2 spear of freezing (2)]
  2145 | D:3      | Slain by a gnoll

Illustrated notes

Levels and vault maps discovered:
D:1:      minmay_arrival_doors, layout_basic, minmay_pentomino_q4
D:2:      layout_loops_ring, nicolae_figureground_pulse, uniq_jessica,
          uniq_sigmund
D:3:      layout_basic, uniq_robin

Skill      XL: |  1  2  3 |
---------------+----------+-----
Fighting       | 4 |  4.6
Short Blades   | 4 |  4.6
Dodging        | 4 |  4.5

Action                     |  1- 3 |  4- 6 || total
---------------------------+-------+-------++-------
  Melee: Short sword       |    52 |       ||    52
         Tentacles         |    12 |     8 ||    20
         Constrict         |    12 |    14 ||    26
         Spear             |     5 |    58 ||    63
  Throw: Dart              |     3 |     7 ||    10
    Use: Scroll            |     8 |       ||     8
         Potion            |       |     1 ||     1
   Stab: Sleeping          |     8 |     6 ||    14
 Armour: Skin              |     5 |     2 ||     7
  Dodge: Dodged            |    29 |    25 ||    54
